 Dungeon Crawl Stone Soup version 0.24-a0-93-ge1bfdf8 (console) character file.

Game seed: 10404214610412995309

2 Duffy the Sneak (level 1, -2/15 HPs)
             Began as a Naga Fire Elementalist on Feb 10, 2019.
             Slain by an adder (5 damage)
             ... on level 2 of the Dungeon.
             The game lasted 00:00:17 (148 turns).

Duffy the Sneak (Naga Fire Elementalist)             Turns: 148, Time: 00:00:17

Health: -2/15      AC:  1    Str: 10    XL:     1   Next: 40%
Magic:  0/3        EV: 10    Int: 15    God:
Gold:   0          SH:  0    Dex: 11    Spells: 3/4 levels left

rFire    . . .     SeeInvis +   c - 3 rations
rCold    . . .     Gourm    .   (no shield)
rNeg     . . .     Faith    .   a - +0 robe
rPois    +         Spirit   .   (no helmet)
rElec    .         Reflect  .   (no cloak)
rCorr    .         Harm     .   (no gloves)
MR       .....                  (no barding)
Stlth    ++........             (no amulet)
HPRegen  0.05/turn              (no ring)
MPRegen  0.08/turn              (no ring)

@: lethally poisoned (-2 -> -9), very slightly contaminated, invisible, very
slow
A: large, see invisible, deformed body, poison resistance, slowness 2, slow
metabolism 1, spit poison 1, AC +0
a: Spit Poison


You were on level 2 of the Dungeon.
You were not hungry.

You visited 1 branch of the dungeon, and saw 2 of its levels.

Inventory:

Armour
 a - a +0 robe (worn)
Comestibles
 c - 3 rations (in hand)


   Skills:
 - Level 1.5 Dodging
 - Level 3.0 Stealth
 - Level 2.0 Spellcasting
 + Level 1.4 Conjurations
 - Level 3.0 Fire Magic


You had 3 spell levels left.
You knew the following spells:

 Your Spells              Type           Power        Failure   Level  Hunger
h - Flame Tongue          Conj/Fire      #....        9%          1    #......

Your spell library contained the following spells:

 Spells                   Type           Power        Failure   Level  Hunger
 Throw Flame              Conj/Fire      #.....       14%         2    ###....
 Conjure Flame            Conj/Fire      #.......     26%         3    ###....
 Inner Flame              Hex/Fire       #.......     34%         3    ###....
 Sticky Flame             Conj/Fire      #.......     65%         4    #####..
 Fireball                 Conj/Fire      #.........   94%         5    ######.


Dungeon Overview and Level Annotations

Branches:
Dungeon (2/15)

Altars:


Innate Abilities, Weirdness & Mutations

You cannot wear boots.
Your serpentine skin is tough. (AC +0)
You have supernaturally acute eyesight. (SInv)
Armour fits poorly on your strangely shaped body.
Your system is resistant to poisons. (rPois)
You cover ground very slowly.
You have a slow metabolism.
You can spit poison.


Message History

You don't have enough magic to cast that spell.
Cast which spell? (? or * to list)
You don't have enough magic to cast that spell.
Press: ? - help, Shift-Dir - straight line, f/p - adder
Aim: an adder (moderately wounded)
The splash of poison hits the adder.
The adder is poisoned.
The adder is heavily wounded.
You feel slightly more hungry.
You feel sick. The adder closely misses you. The adder bites you.
You feel sick. The adder bites you.
You feel sick. The adder bites you.
Cast which spell? (? or * to list)
You don't have enough magic to cast that spell.
You have got your breath back.
The adder looks more healthy.
The adder bites you.
It was a potion of invisibility.
You fade into invisibility!
You feel sick. The adder bites you.
You die...

#.#.##.## #.#......
. #.......# .. ##
#........ ...
#.####%......#
...##.#.......# .
.....####....#..
....##.............
.......@S.<........
######.###.#.#.####
#. #.#.#.# #. .....
. #. ...... # #.
........ #.
...#.....
#.....#.#.#


You could see an adder.

Vanquished Creatures
  A bat (D:2)
  A frilled lizard (D:1)
  A rat (D:2)
3 creatures vanquished.

Notes
Turn   | Place    | Note
-------+----------+-------------------------------------------
     0 | D:1      | Duffy the Naga Fire Elementalist began the quest for the
                  | Orb.
     0 | D:1      | Reached XP level 1. HP: 15/15 MP: 3/3
   148 | D:2      | Slain by an adder

Levels and vault maps discovered:
D:1:      evilmike_arrival_rings, layout_basic, st_stairs_7
D:2:      layout_basic, hangedman_abyss_or_decor_stabs, xom_redecorated

Action                   || total
-------------------------++-------
 Cast: Flame Tongue      ||     5
 Abil: Spit Poison       ||     3
  Use: Potion            ||     1
Dodge: Dodged            ||     2

Table legend:
 A = Non-vault XP
 B = Vault XP
 C = Vault XP percentage of total XP
 D = Non-vault monster count
 E = Vault monster count
 F = Vault count percentage of total count
                 A         B        C        D         E       F
            +---------+---------+-------+---------+---------+-------
      Total |       4 |       0 |   0.0 |       3 |       0 |   0.0
            +---------+---------+-------+---------+---------+-------
        D:1 |       1 |       0 |   0.0 |       1 |       0 |   0.0
        D:2 |       3 |       0 |   0.0 |       2 |       0 |   0.0
            +---------+---------+-------+---------+---------+-------
